 Dungeon Crawl Stone Soup version 0.17.1-1-g73c8601 (webtiles) character file.

7985 shmeve the Fighter (level 11, -3/100 HPs)
             Began as a White Draconian Berserker on Apr 26, 2016.
             Was an Elder of Trog.
             Slain by an unseen horror (10 damage)
             ... on level 10 of the Dungeon.
             The game lasted 00:21:54 (9195 turns).

shmeve the Fighter (White Draconian Berserker)      Turns: 9195, Time: 00:21:54

Health: -3/100     AC: 12    Str: 21    XL:     11   Next: 4%
Magic:  11/11      EV: 16    Int:  8    God:    Trog [****..]
Gold:   702        SH:  0    Dex: 12    Spells: 0 memorised, 10 levels left

rFire  . . .     SeeInvis .     u - +0 war axe
rCold  + . .     Clarity  +     (armour unavailable)
rNeg   . . .     SustAt   .     (no shield)
rPois  .         Gourm    .     (helmet restricted)
rElec  .         Spirit   .     q - +0 cloak
rCorr  .         Warding  .     y - +0 pair of gloves
rMut   .         Stasis   .     e - +0 pair of boots
MR     +....                    f - amulet of clarity
Stlth  +++.......               a - +2 ring of protection
                                F - ring of protection from magic

@: somewhat resistant to hostile enchantments, fairly stealthy
A: breathe frost, unfitting armour, cold resistance 1, cold-blooded, AC +7
a: Breathe Frost, Berserk, Trog's Hand, Brothers in Arms, Burn Spellbooks,
Renounce Religion


You were on level 10 of the Dungeon.
You worshipped Trog.
Trog was greatly pleased with you.
You were not hungry.

You visited 2 branches of the dungeon, and saw 11 of its levels.

You collected 702 gold pieces.

Inventory:

Hand Weapons
 u - a +0 war axe (weapon)
Armour
 e - a +0 pair of boots (worn)
 q - a +0 cloak (worn)
 y - a +0 pair of gloves (worn)
Jewellery
 a - a +2 ring of protection (right hand)
 c - an uncursed ring of see invisible
 f - an amulet of clarity (around neck)
 F - a ring of protection from magic (left hand)
Wands
 x - a wand of heal wounds (2)
 H - a wand of invisibility (3)
 L - a wand of disintegration (10)
Scrolls
 d - 2 scrolls of random uselessness {unknown}
 i - 2 scrolls of blinking
 j - 3 scrolls of fear
 l - 6 scrolls of remove curse
 n - a scroll of enchant weapon {unknown}
 r - a scroll of magic mapping
 z - a scroll of holy word {unknown}
 D - a scroll of amnesia {unknown}
 I - 5 scrolls of identify
 K - a scroll of brand weapon {unknown}
Potions
 g - a potion of ambrosia
 h - 2 potions of heal wounds
 k - 2 potions of resistance
 m - 5 potions of curing
 o - 2 potions of agility
 p - 2 potions of brilliance
 s - a potion of flight
 A - 2 potions of haste
 C - 3 potions of might
 E - a potion of mutation {unknown}
 G - a potion of magic {unknown}
Comestibles
 b - 5 bread rations
 v - a royal jelly
 w - 3 beef jerkies
 B - 5 meat rations
 J - 7 slices of pizza


   Skills:
 * Level 10.3 Fighting
 * Level 9.6 Axes
 * Level 9.1 Dodging
 + Level 6.6 Stealth


You had 10 spell levels left.
You didn't know any spells.

Dungeon Overview and Level Annotations

Branches:
Dungeon (10/15)            Temple (1/1) D:5             Orc (0/4) D:10
   Lair: D:8-11

Altars:
Dithmenos
Elyvilon
Fedhas
Gozag
Nemelex Xobeh
Okawaru
Qazlal
Ru
Sif Muna
Trog
Vehumet
Xom
Yredelemnul
Zin

Shops:
D:4 %   D:5 ?


Innate Abilities, Weirdness & Mutations

You can breathe waves of freezing cold.
You can buffet flying creatures when you breathe cold.
Your icy white scales are hard (AC +7).
Your body does not fit into most forms of armour.
Your flesh is cold resistant.
You are cold-blooded and may be slowed by cold attacks.


Message History

You hit something. Something hits you but does no damage.
You swing at nothing.
Something hits you!
* * * LOW HITPOINT WARNING * * *
You hit something. Something hits you but does no damage. Something hits you.
* * * LOW HITPOINT WARNING * * *
Something hits you.
* * * LOW HITPOINT WARNING * * *
You barely miss something. Something hits you but does no damage.
You swing at nothing.
Something hits you.
* * * LOW HITPOINT WARNING * * *
You slash something! Something barely misses you.
You swing at nothing.
Something hits you but does no damage.
You barely miss something. Something hits you but does no damage.
You hit something but do no damage. Something hits you but does no damage.
Something hits you but does no damage.
You swing at nothing.
Something hits you!
* * * LOW HITPOINT WARNING * * *
You swing at nothing.
Something hits you but does no damage.
You swing at nothing.
Something hits you!
You die...

......#.#......# #####.>#####
##+##.#.#......# #...........
#....#.#.###..# #.###.######
####.#?#......# #.#.........
#.#.#####.## #.#.#.######
#.#.......# #.#.#.######
#.#######.###### #.#.......##
#.# #......###.##...##.## #.#
#>..@....#.##...##.## #.#
######.....#.#.##...##.## #.#
#..........#.#.##...##.#. #.#
#..........#.#.........#.
###.###.....######.#####.###.#.
#...........######.#####.....##
#...........'................†.
#...........######.#####.)...##
#......###### #..##..>..###


There were no monsters in sight!

Vanquished Creatures
  Erolcha (D:9)
  A hydra (D:8)
  Erica (D:8)
  A hill giant (D:10)
  2 trolls (D:9)
  2 two-headed ogres
  A hungry ghost (D:9)
  3 hippogriffs
  2 yaks (D:8)
  3 ice beasts (D:8)
  3 phantoms
  5 orc warriors
  A wasp (D:9)
  A black bear (D:7)
  4 ogres
  A sky beast (D:10)
  3 centaurs
  4 big kobolds
  5 giant frogs
  4 scorpions
  5 wights (D:8)
  3 crimson imps
  6 hounds
  3 jellies
  A centaur skeleton (D:5)
  A quasit (D:10)
  4 orc priests
  A worker ant (D:6)
  3 orc wizards
  2 sheep (D:8)
  A hound zombie (D:8)
  2 worker ant zombies
  12 adders
  7 gnolls
  3 shadow imps
  An adder zombie (D:9)
  An adder skeleton (D:9)
  A worm (D:5)
  5 giant geckos
  32 orcs
  8 bats
  10 hobgoblins
  12 jackals
  10 kobolds
  3 quokkas
  7 giant cockroaches
  A giant gecko skeleton (D:6)
  A giant gecko zombie (D:5)
  5 giant newts
  3 goblins (D:1)
  A jackal zombie (D:5)
  A quokka skeleton (D:4)
  9 rats
213 creatures vanquished.

Notes
Turn   | Place    | Note
--------------------------------------------------------------
     0 | D:1      | shmeve the Draconian Berserker began the quest for the Orb.
     0 | D:1      | Reached XP level 1. HP: 19/19 MP: 1/1
   110 | D:1      | Reached XP level 2. HP: 21/26 MP: 2/2
   708 | D:2      | Reached XP level 3. HP: 13/33 MP: 3/3
   989 | D:2      | Reached ** piety under Trog
  1125 | D:2      | Found a shimmering altar of Xom.
  1317 | D:2      | Reached skill level 1 in Stealth
  1635 | D:3      | Reached XP level 4. HP: 15/40 MP: 4/4
  1639 | D:3      | Found a sparkling altar of Nemelex Xobeh.
  2065 | D:3      | Reached skill level 4 in Fighting
  2257 | D:3      | Found a shadowy altar of Dithmenos.
  2328 | D:3      | Reached *** piety under Trog
  2383 | D:3      | Found a stormy altar of Qazlal.
  2385 | D:3      | Found an opulent altar of Gozag.
  2394 | D:3      | Found a blossoming altar of Fedhas.
  2395 | D:3      | Found a bloodstained altar of Trog.
  2397 | D:3      | Found a deep blue altar of Sif Muna.
  2538 | D:4      | Found Yzavef's Food Shop.
  2605 | D:4      | Found a basalt altar of Yredelemnul.
  2639 | D:4      | Reached XP level 5. HP: 46/46 MP: 5/5
  2853 | D:4      | Found an iron altar of Okawaru.
  3100 | D:5      | Entered Level 5 of the Dungeon
  3106 | D:5      | Found Cymeukku's Magic Scroll Emporium.
  3236 | D:5      | Noticed an angel
  3237 | D:5      | Found a glowing silver altar of Zin.
  3238 | D:5      | Found a shimmering altar of Xom.
  3279 | D:5      | Found a staircase to the Ecumenical Temple.
  3374 | D:5      | Reached XP level 6. HP: 40/53 MP: 6/6
  3703 | Temple   | Entered the Ecumenical Temple
  3891 | D:6      | Reached skill level 5 in Fighting
  4141 | D:6      | Found a white marble altar of Elyvilon.
  4178 | D:6      | You fall through a shaft for 3 floors!
  4178 | D:9      | Noticed a troll
  4187 | D:9      | Killed a troll
  4187 | D:9      | Reached skill level 5 in Axes
  4187 | D:9      | Your scales start taking on an icy white colour.
  4187 | D:9      | Gained mutation: Your flesh is cold resistant. [White Draconian growth]
  4187 | D:9      | Reached XP level 7. HP: 44/61 MP: 7/7
  4193 | D:9      | Reached skill level 5 in Dodging
  4200 | D:9      | Reached **** piety under Trog
  4204 | D:9      | Reached skill level 6 in Fighting
  4391 | D:9      | Noticed a hippogriff
  4402 | D:9      | Noticed a hippogriff
  4404 | D:9      | Killed a hippogriff
  4404 | D:9      | Reached XP level 8. HP: 68/70 MP: 8/8
  4415 | D:9      | Killed a hippogriff
  4683 | D:8      | Noticed Erica
  4699 | D:8      | Killed Erica
  4699 | D:8      | Reached skill level 7 in Fighting
  4699 | D:8      | Reached XP level 9. HP: 9/80 MP: 9/9
  4729 | D:8      | Reached skill level 8 in Fighting
  5327 | D:7      | Reached skill level 5 in Stealth
  5501 | D:6      | Found a bloodstained altar of Trog.
  6238 | D:7      | Found an iron altar of Okawaru.
  6343 | D:7      | Found a sparkling altar of Nemelex Xobeh.
  6591 | D:8      | Noticed a two-headed ogre
  6597 | D:8      | Killed a two-headed ogre
  6612 | D:8      | Reached XP level 10. HP: 54/90 MP: 10/10
  7001 | D:8      | Reached skill level 9 in Fighting
  7097 | D:8      | Found a radiant altar of Vehumet.
  7163 | D:8      | Found a sacrificial altar of Ru.
  7163 | D:8      | Found a radiant altar of Vehumet.
  7165 | D:8      | Found a shadowy altar of Dithmenos.
  7824 | D:8      | Noticed a two-headed hydra
  7833 | D:8      | Killed a seven-headed hydra
  7910 | D:9      | Noticed a two-headed ogre
  7914 | D:9      | Noticed a troll
  7916 | D:9      | Killed a two-headed ogre
  7923 | D:9      | Killed a troll
  7973 | D:9      | Noticed Erolcha
  7985 | D:9      | Killed Erolcha
  7985 | D:9      | Reached skill level 10 in Fighting
  8638 | D:10     | Entered Level 10 of the Dungeon
  8741 | D:10     | Found a staircase to the Orcish Mines.
  8795 | D:10     | Noticed a hill giant
  8813 | D:10     | Killed a hill giant
  8813 | D:10     | Reached XP level 11. HP: 66/100 MP: 11/11
  9195 | D:10     | Slain by an unseen horror

Action                   |  1- 3 |  4- 6 |  7- 9 | 10-12 || total
-------------------------+-------+-------+-------+-------++-------
Melee: Hand axe          |    97 |    66 |       |       ||   163
       War axe           |       |   100 |   197 |   191 ||   488
Invok: Trog's Hand       |       |     3 |     5 |       ||     8
       Berserk           |       |     3 |     3 |     1 ||     7
       Burn Spellbooks   |       |     1 |       |       ||     1
 Abil: Breathe Frost     |       |       |    18 |    19 ||    37
  Use: Scroll            |       |    14 |     3 |       ||    17
 Stab: Sleeping          |     1 |     3 |     3 |       ||     7
       Distracted        |     1 |     1 |       |       ||     2
  Eat: Chunk             |     2 |    11 |    13 |     7 ||    33
       Fruit             |       |       |     3 |    13 ||    16
